 Dungeon Crawl Stone Soup version 0.21.1-1-g345015f (webtiles) character file.

50 Larett the Sneak (level 3, -12/24 HPs)
             Began as an Octopode Assassin on Feb 8, 2018.
             Mangled by an ogre
             ... wielding a +0 giant club
              (20 damage)
             ... on level 1 of the Dungeon.
             The game lasted 00:03:03 (1165 turns).

Larett the Sneak (Octopode Assassin)                Turns: 1165, Time: 00:03:04

Health: -12/24     AC:  1    Str: 10    XL:     3   Next: 79%
Magic:  3/3        EV: 13    Int: 13    God:
Gold:   69         SH:  0    Dex: 14    Spells: 2/2 levels left

rFire    . . .     SeeInvis +   b - +0 blowgun
rCold    . . .     Gourm    .   (no shield)
rNeg     . . .     Faith    .   (helmet restricted)
rPois    .         Spirit   .   (no amulet)
rElec    .         Reflect  .   s - ring of see invisible
rCorr    .         Harm     .   (no ring)
MR       .....                  (no ring)
Stlth    +++++.....             (no ring)
HPRegen  0.08/turn              (no ring)
MPRegen  0.08/turn              (no ring)
                                (no ring)
                                (no ring)

@: no status effects
A: almost no armour, stealthy swim, amphibious, 8 rings, constrict 8, camouflage
1, gelatinous body 1
a: no special abilities


You were on level 1 of the Dungeon.
You were not hungry.

You visited 1 branch of the dungeon, and saw 2 of its levels.

You collected 69 gold pieces.

Inventory:

Hand Weapons
 a - a +2 dagger
 b - a +0 blowgun (weapon)
 N - a +0 trident of venom
Missiles
 c - 5 poisoned needles (quivered)
 d - 2 curare-tipped needles
 v - 23 sling bullets
 y - 63 stones
 z - 32 arrows
Jewellery
 s - a ring of see invisible (left tentacle)
Scrolls
 u - a scroll of teleportation {unknown}
 M - 2 scrolls of magic mapping {!r}
Potions
 t - a potion of haste {unknown}
 w - a potion of heal wounds {unknown}
 x - a potion of curing {unknown}
Comestibles
 f - 6 rations


   Skills:
 - Level 2.0 Fighting
 - Level 2.0 Short Blades
 - Level 2.0 Throwing
 - Level 1.0 Dodging
 + Level 7.4 Stealth


You had 2 spell levels left.
You didn't know any spells.

Dungeon Overview and Level Annotations

Branches:
Dungeon (2/15)

Altars:
Trog
The Shining One


Innate Abilities, Weirdness & Mutations

You cannot wear most types of armour.
You are very stealthy in the water. (Stealth+)
You are amphibious.
You can wear up to eight rings at the same time.
You can use your tentacles to constrict eight enemies at once.
Your skin changes colour to match your surroundings (Stealth+).
Your rubbery body absorbs attacks. (AC +1, EV +1)


Message History

You shoot a poisoned needle. The poisoned needle hits the ogre.
Firing (i - inventory. (,) - cycle):
c - 7 poisoned needles (quivered)
Press: ? - help, Shift-Dir - straight line, f/p - ogre
Aim: an ogre, wielding a giant club You shoot a poisoned needle.
The poisoned needle hits the ogre.
The ogre closely misses you.
There is a stone staircase leading up here.
Firing (i - inventory. (,) - cycle):
c - 6 poisoned needles (quivered)
Press: ? - help, Shift-Dir - straight line, f/p - ogre
Aim: an ogre, wielding a giant club You shoot a poisoned needle.
The poisoned needle hits the ogre.
The ogre is poisoned.
The ogre hits you with a giant club!
Ouch! That really hurt!
You climb upwards.
There is a stone staircase leading down here.
The ogre barely misses you. The ogre hits you with a giant club!!
Ouch! That really hurt!
You die...

#.......#....####.........#..
#.......#.................#[.
####.##.#....####.........#..
#............# #............
#..........######...........#
#......###.#.<>.#....)....#.#
#......# #.#....#............
######## #.#.O..#............
####.#@.§.#..##........
#....#.§..##.###.......
#......§...[...........
#####..........##.#......[.
#.....########[...##.......
#.##### ###........... ####.#
##.##.......
#....###############..#.......
#.............................


You could see an ogre.

Vanquished Creatures
  An adder (D:1)
  A worm (D:2)
  A dart slug (D:1)
  2 ball pythons (D:1)
  4 giant cockroaches
  2 goblins
  9 hobgoblins
  2 jackals (D:1)
  A quokka (D:2)
  A bat (D:2)
  5 frilled lizards
  2 kobolds
  A rat (D:2)
32 creatures vanquished.

Notes
Turn   | Place    | Note
-------+----------+-------------------------------------------
     0 | D:1      | Larett the Octopode Assassin began the quest for the Orb.
     0 | D:1      | Reached XP level 1. HP: 14/14 MP: 1/1
   178 | D:1      | Reached skill level 6 in Stealth
   178 | D:1      | Reached XP level 2. HP: 15/19 MP: 2/2
   599 | D:2      | Reached XP level 3. HP: 24/24 MP: 3/3
   601 | D:2      | Found a bloodstained altar of Trog.
   692 | D:2      | Noticed an ogre
   703 | D:1      | Reached skill level 7 in Stealth
  1082 | D:2      | Found a glowing golden altar of the Shining One.
  1165 | D:1      | Mangled by an ogre

Skill      XL: |  1  2  3 |
---------------+----------+-----
Stealth        | 6 7 |  7.4
Fighting       | |  2.0
Short Blades   | |  2.0
Throwing       | |  2.0
Dodging        | |  1.0

Action                   || total
-------------------------++-------
Melee: Dagger            ||    43
       Constrict         ||     5
       Tentacles         ||     5
 Fire: Blowgun           ||     3
  Use: Scroll            ||     1
 Stab: Sleeping          ||    17
  Eat: Chunk             ||     1
Armor: Skin              ||     2
Dodge: Dodged            ||    18
